 Dungeon Crawl Stone Soup version 0.22-a0-3-g4fa69d9 (webtiles) character file.

31 Monsterracer the Chiller (level 3, -1/24 HPs)
             Began as a Human Ice Elementalist on Jan 1, 2018.
             Slain by a jackal (2 damage)
             ... on level 3 of the Dungeon.
             The game lasted 00:04:27 (1791 turns).

Monsterracer the Chiller (Human Ice Elementalist)   Turns: 1791, Time: 00:04:28

Health: -1/24      AC:  3    Str:  8    XL:     3   Next: 40%
Magic:  0/6        EV: 12    Int: 21    God:
Gold:   91         SH:  0    Dex: 13    Spells: 0/6 levels left

rFire    . . .     SeeInvis .   e - -1 dagger (curse)
rCold    . . .     Gourm    .   (no shield)
rNeg     . . .     Faith    .   a - +0 robe
rPois    .         Spirit   .   (no helmet)
rElec    .         Reflect  .   g - +0 cloak
rCorr    .         Harm     .   (no gloves)
MR       .....                  (no boots)
Stlth    ++........             (no amulet)
HPRegen  0.08/turn              (no ring)
MPRegen  0.10/turn              (no ring)

@: brilliant, very slightly contaminated, invisible
A: no striking features
a: no special abilities


You were on level 3 of the Dungeon.
You were not hungry.

You visited 1 branch of the dungeon, and saw 3 of its levels.

You collected 91 gold pieces.

Inventory:

Hand Weapons
 e - a cursed -1 dagger (weapon)
 f - a cursed +0 short sword
 n - a +1 hand axe of freezing
Armour
 a - a +0 robe (worn)
 g - a +0 cloak (worn)
Scrolls
 d - a scroll of identify {unknown}
 h - a scroll of immolation {unknown}
 j - a scroll of random uselessness {unknown}
Potions
 l - a potion of ambrosia {unknown}
 m - a potion of lignification {unknown}
 o - a potion of curing {unknown}
Books
 b - a book of Frost

   Spells                             Type                      Level
   a - Freeze                         Ice                          1
   b - Throw Frost                    Conjuration/Ice              2
   c - Ozocubu's Armour               Charms/Ice                   3
   d - Throw Icicle                   Conjuration/Ice              4
   e - Summon Ice Beast               Ice/Summoning                4
Comestibles
 c - 6 rations


   Skills:
 - Level 2.0 Dodging
 - Level 2.0 Stealth
 + Level 2.3 Spellcasting
 + Level 1.4 Conjurations
 * Level 3.8 Ice Magic


You couldn't memorise any spells.
You knew the following spells:

 Your Spells              Type           Power        Failure   Level  Hunger
a - Freeze                Ice            ####         1%          1    None
b - Throw Frost           Conj/Ice       ####..       1%          2    ##.....
c - Ozocubu's Armour      Chrm/Ice       ###.....     2%          3    ###....


Dungeon Overview and Level Annotations

Branches:
Dungeon (3/15)

Altars:
Cheibriados
Yredelemnul


Message History

The jackal is almost dead.
The jackal misses you.
You now have 0/6 mp.
You hit the jackal but do no damage.
The jackal is almost dead.
The jackal bites you but does no damage.
You hit the jackal but do no damage.
The jackal is almost dead.
The jackal barely misses you. The jackal bites you.
You take 1 damage, and have 13/24 hp.
You hit the jackal.
You kill the jackal!
The jackal barely misses you.
You hit the jackal but do no damage. The jackal bites you.
* * * LOW HITPOINT WARNING * * *
You take 1 damage, and have 12/24 hp.
Casting: Freeze
Confirm with . or Enter, or press ? or * to list all spells.
Aiming: Freeze
Press: ? - help, Shift-Dir - straight line, f - jackal
Aim: a jackal You miscast Freeze.
Nothing appears to happen.
The jackal barely misses you.
You now have 0/6 mp.
You hit the jackal.
The jackal is heavily wounded.
The jackal bites you but does no damage.
The jackal closely misses you.
You closely miss the jackal.
The jackal is heavily wounded.
The jackal bites you.
* * * LOW HITPOINT WARNING * * *
The giant cockroach waves its antennae.
You take 2 damage, and have 10/24 hp.
You barely miss the jackal.
The jackal is heavily wounded.
The jackal bites you.
* * * LOW HITPOINT WARNING * * *
The jackal closely misses you.
You take 1 damage, and have 9/24 hp.
You hit the jackal.
The jackal is almost dead.
The jackal bites you but does no damage.
You closely miss the jackal.
The jackal is almost dead.
The jackal bites you but does no damage.
You closely miss the jackal.
The jackal is almost dead.
The jackal bites you.
* * * LOW HITPOINT WARNING * * *
The jackal closely misses you.
You take 1 damage, and have 8/24 hp.
You hit the jackal but do no damage.
The jackal is almost dead.
The jackal bites you.
* * * LOW HITPOINT WARNING * * *
You take 1 damage, and have 7/24 hp.
You hit the jackal but do no damage.
The jackal is almost dead.
The jackal closely misses you. The jackal bites you.
* * * LOW HITPOINT WARNING * * *
You take 1 damage, and have 6/24 hp.
You hit the jackal.
You kill the jackal!
The jackal closely misses you.
Casting: Freeze
Confirm with . or Enter, or press ? or * to list all spells.
Aiming: Freeze
Press: ? - help, Shift-Dir - straight line, f - jackal
Aim: a jackal (moderately wounded)
You freeze the jackal.
The jackal is severely wounded.
The jackal bites you but does no damage.
You now have 0/6 mp.
You miss the jackal.
The jackal is severely wounded.
The jackal bites you.
* * * LOW HITPOINT WARNING * * *
The jackal closely misses you.
You take 2 damage, and have 5/24 hp.
You hit the jackal but do no damage.
The jackal is severely wounded.
The jackal completely misses you.
You hit the jackal but do no damage.
The jackal is severely wounded.
The jackal bites you.
* * * LOW HITPOINT WARNING * * *
You take 2 damage, and have 3/24 hp.
You barely miss the jackal.
The jackal is heavily wounded.
The jackal bites you.
* * * LOW HITPOINT WARNING * * *
The jackal closely misses you.
You take 2 damage, and have 1/24 hp.
It was a potion of brilliance.
You feel clever all of a sudden. The jackal closely misses you.
It was a potion of invisibility.
You fade into invisibility!
The jackal bites you.
You die...

#
.####.###.......
#. .......#.#....
..##.....#....#
.............g#
#.....#....####
#..<..$....(..#.
###sg...........
#h#.........#
#@####...#### #.#
#...#
#.####...###
............#
##..........#####
#.####..........
#.......#.#####.
######.##.#
#...#.#


You could see a jackal, a giant cockroach and a goblin.

Vanquished Creatures
  A worm (D:3)
  A leopard gecko (D:1)
  5 goblins
  3 hobgoblins
  3 jackals (D:3)
  5 kobolds
  3 bats
  2 frilled lizards (D:2)
  3 rats (D:2)
26 creatures vanquished.

Notes
Turn   | Place    | Note
-------+----------+-------------------------------------------
     0 | D:1      | Monsterracer the Human Ice Elementalist began the quest for the Orb.
     0 | D:1      | Reached XP level 1. HP: 13/13 MP: 3/3
   126 | D:1      | You fall through a shaft!
   257 | D:1      | Reached XP level 2. HP: 19/19 MP: 1/5
   261 | D:1      | Learned a level 2 spell: Throw Frost
  1142 | D:2      | Found a basalt altar of Yredelemnul.
  1312 | D:2      | Found a snail-covered altar of Cheibriados.
  1448 | D:2      | Reached XP level 3. HP: 24/24 MP: 4/6
  1453 | D:2      | Learned a level 3 spell: Ozocubu's Armour
  1774 | D:3      | HP: 12/24 [jackal (1)]
  1781 | D:3      | HP: 8/24 [jackal (1)]
  1786 | D:3      | HP: 5/24 [jackal (2)]
  1789 | D:3      | HP: 1/24 [jackal (2)]
  1791 | D:3      | Slain by a jackal

Vault maps used:
D:1:      noname_arrival_rooms_in_the_neighbourhood
D:2:      lemuel_crystal_altar, cheibriados_altar_1
D:3:      first_ration, grunt_ministairs_5, kennysheep_generic_room_3

Action                   || total
-------------------------++-------
Melee: Dagger            ||    47
 Cast: Freeze            ||    36
  Use: Potion            ||     2
 Stab: Sleeping          ||     3
  Eat: Chunk             ||     3
Armor: Robe              ||    25
Dodge: Dodged            ||    62

Table legend:
 A = Spawn XP
 B = Non-spawn XP
 C = Spawn XP percentage of total XP
 D = Spawn monster count
 E = Non-spawn monster count
 F = Spawn count percentage of total count
 G = Total turns spent on level
                    A         B        C        D         E        F      G
               +---------+---------+-------+---------+---------+-------+---------
         Total |       0 |      45 |   0.0 |       0 |      26 |   0.0 |  1791
               +---------+---------+-------+---------+---------+-------+---------
           D:1 |       0 |      14 |   0.0 |       0 |       8 |   0.0 |  1009
           D:2 |       0 |      15 |   0.0 |       0 |      11 |   0.0 |   601
           D:3 |       0 |      16 |   0.0 |       0 |       7 |   0.0 |   181
               +---------+---------+-------+---------+---------+-------+---------

Vault maps used:
D:1:      noname_arrival_rooms_in_the_neighbourhood
D:2:      lemuel_crystal_altar, cheibriados_altar_1
D:3:      first_ration, grunt_ministairs_5, kennysheep_generic_room_3
